 Dungeon Crawl Stone Soup version 0.30-a0-414-gcb316572d5 (webtiles) character file.

Game seed: 7424046894108446497

30 flotson the Sneak (level 3, 0/29 HPs)
             Began as a Demonspawn Delver on Dec 8, 2022.
             Slain by a jelly (3 damage)
             ... on level 5 of the Dungeon.
             The game lasted 00:00:26 (65 turns).

flotson the Sneak (Demonspawn Delver)                 Turns: 65, Time: 00:00:26

Health: 0/29       AC:  0    Str: 14    XL:     3   Next: 3%
Magic:  3/3        EV: 12    Int: 11    God:
Gold:   10         SH:  0    Dex: 14    Spells: 2/2 levels left

rFire   . . .      SeeInvis .    a - +0 hand axe
rCold   . . .      Faith    .    (no shield)
rNeg    . . .      Spirit   .    b - +0 leather armour
rPois   .          Reflect  .    (no helmet)
rElec   .          Harm     .    (no cloak)
rCorr   .          Rampage  .    (no gloves)
Will    .....                    (no boots)
Stlth   +++.......               (no amulet)
HPRegen 0.24/turn                (no ring)
MPRegen 0.08/turn                (no ring)

@: corroded
A: ignite blood 1, spiny 1
a: no special abilities


You were on level 5 of the Dungeon.
You visited 1 branch of the dungeon, and saw 1 of its levels.

You collected 10 gold pieces.

Inventory:

Hand Weapons
 a - a +0 hand axe (weapon)
Armour
 b - a +0 leather armour (worn)
Wands
 g - a wand of digging (3)
Scrolls
 c - a scroll of fog
 d - a scroll of magic mapping
 e - a scroll of fear
 h - a scroll of blinking {unknown}


   Skills:
 + Level 3.2 Fighting
 - Level 1.7 Axes
 + Level 0.8 Armour
 + Level 2.1 Dodging
 + Level 4.7 Stealth
 + Level 1.0 Evocations


You had 2 spell levels left.
You didn't know any spells.
Your spell library was empty.

Dungeon Overview and Level Annotations

Branches:
Dungeon (5/15)
 Temple: D:4-7

Altars:


Innate Abilities, Weirdness & Mutations

Your demonic aura sometimes causes spilled blood to erupt in flames.
You are partially covered in sharp spines.


Message History

The hound bites you but does no damage.
You hit the hound.
The hound is moderately wounded.
The hound bites you. x2
You hit the hound.
The hound is heavily wounded.
The hound misses you.
You slash the hound!
The hound is almost dead.
The hound bites you.
* * * LOW HITPOINT WARNING * * *
You slash the hound!
You kill the hound!
Your Dodging skill increases to level 2!
Your Evocations skill increases to level 1!
You have reached level 2!
Your demonic ancestry asserts itself...
Sharp spines emerge from parts of your body.
You have reached level 3!
Your experience leads to an increase in your attributes!
Increase (S)trength, (I)ntelligence, or (D)exterity?
You feel stronger. x2; Your demonic ancestry asserts itself...
Your blood heats up.
Found 10 gold pieces.
Found a leather armour.
You now have 10 gold pieces.
Found a scroll of fear.
Your extra speed is starting to run out.
A jelly comes into view.
The jelly jiggles.
The jelly moves out of view.
An ogre comes into view. It is wielding a +0 giant club.
You feel yourself slow down. The jelly hits you. The acid corrodes you!
You are splashed with acid!
* * * LOW HITPOINT WARNING * * *
The jelly attacks as you move away! The jelly is struck by your spines.
The jelly barely misses you. The jelly attacks as you move away!
The jelly is struck by your spines. The jelly hits you.
You die...

#.# #..# #.#
#..# #.# #...
#.# #..#
###.######..#
#............
##..#########
########..#
#?@.......#
#J######.##
#.....O....
#.######.###
#.# #.. #.#
#.# #.# #.#
#.# .# #.#


You could see a jelly.

Vanquished Creatures
  A hound (D:5)
1 creature vanquished.

Notes
Turn   | Place    | Note
-------+----------+-------------------------------------------
     0 | D:5      | flotson the Demonspawn Delver began the quest for the Orb.
     0 | D:5      | Reached XP level 1. HP: 18/18 MP: 1/1
    19 | D:5      | Noticed a hound
    36 | D:5      | Killed a hound
    37 | D:5      | Reached skill level 1 in Evocations
    37 | D:5      | Gained mutation: You are partially covered in sharp spines.
                  | [demonic ancestry]
    37 | D:5      | Reached XP level 2. HP: 6/24 MP: 2/2
    37 | D:5      | Gained mutation: Your demonic aura sometimes causes spilled
                  | blood to erupt in flames. [demonic ancestry]
    37 | D:5      | Reached XP level 3. HP: 7/29 MP: 3/3
    63 | D:5      | Noticed an ogre
    65 | D:5      | Slain by a jelly

Illustrated notes

Levels and vault maps discovered:
D:5:      layout_basic, mainiacjoe_overflow_tiny_flanked,
          mainiacjoe_overflow_surrounded_room, uniq_duvessa, uniq_edmund,
          uniq_crazy_yiuf_cottage

Skill      XL: |  1 |
---------------+----+-----
Dodging        | 2 |  2.1
Evocations     | 1 |  1.0
Fighting       | |  3.2
Axes           | |  1.7
Armour         | |  0.8
Stealth        | |  4.7

Action                   || total
-------------------------++-------
Melee: Hand axe          ||    11
  Use: Potion            ||     1
Armor: Leather armour    ||     4
Dodge: Dodged            ||     4

Table legend: (Time is in decaauts)
 A = Elapsed time spent in this place.
 B = Non-inter-level travel time spent in this place.
 C = Inter-level travel time spent in this place.
 D = Time resting spent in this place.
 E = Time spent auto-exploring this place.
 F = Levels seen in this place.
 G = Mean time per level.
                   A        B        C        D        E       F      G
               +--------+--------+--------+--------+--------+-----+--------+
         Total |     52 |     52 |      0 |      0 |     18 |   1 |   52.0 |
       Dungeon |     52 |     52 |      0 |      0 |     18 |   1 |   52.0 |
               +--------+--------+--------+--------+--------+-----+--------+

Top non-repeatable levels by time:
     D:5: 52 daAuts
